 Dungeon Crawl Stone Soup version 0.29-a0-271-gd4eb659eea (webtiles) character file.

Game seed: 3282914162657146072

47 frimble the Ruffian (level 3, -3/30 HPs)
             Began as a Djinni Cinder Acolyte on Mar 8, 2022.
             Was a High Priest of Ignis.
             Slain by a gnoll
             ... wielding a +1 flail of protection
              (9 damage)
             ... on level 2 of the Dungeon.
             The game lasted 00:01:13 (2163 turns).

frimble the Ruffian (Djinni Cinder Acolyte)         Turns: 2163, Time: 00:01:13

Health: -3/30      AC:  2    Str: 13    XL:     3   Next: 97%
Gold:   60         EV: 11    Int: 17    God:    Ignis [*****.] SH:  0 Dex:  8

rFire   + + +      SeeInvis .     - Unarmed
rCold   . . .      Faith    .   (no shield)
rNeg    . . .      Spirit   .   a - +0 robe
rPois   ∞          Reflect  .   (no helmet)
rElec   .          Harm     .   (no cloak)
rCorr   .          Rampage  .   (no gloves)
Will    .....                   (boots unavailable)
Stlth   +.........              (no amulet)
HPRegen 0.10/turn               c - ring of protection from cold
MPRegen 0.00/turn               (no ring)

@: flying
A: sickness immunity, fire resistance 2, cold vulnerability 1, float, innate
caster, HP casting, extra vitality 1
a: Renounce Religion, Fiery Armour, Foxfire Swarm, Rising Flame


You were on level 2 of the Dungeon.
You worshipped Ignis.
Ignis was extremely pleased with you.
You visited 1 branch of the dungeon, and saw 2 of its levels.

You collected 60 gold pieces.

Inventory:

Armour
 a - a +0 robe (worn)
Jewellery
 c - a ring of protection from cold (left hand)
Scrolls
 d - a scroll of identify
 g - a scroll of teleportation {unknown}
Potions
 b - a potion of curing
 e - a potion of resistance {unknown}
 f - a potion of degeneration {unknown}


   Skills:
 + Level 3.5 Fighting
 + Level 3.6 Unarmed Combat
 + Level 2.8 Spellcasting


You had 4 spell levels left.
You knew the following spells:

 Your Spells              Type           Power      Damage    Failure   Level
a - Scorch                Fire           24%        2d6       9%          2
b - Freeze                Ice            48%        1d7       5%          1
Your spell library was empty.

Dungeon Overview and Level Annotations

Branches:
Dungeon (2/15)

Altars:


Innate Abilities, Weirdness & Mutations

You are immune to sickness and miasma.
You are immune to poison.
Your flesh is very heat resistant. (rF++)
You are vulnerable to cold. (rC-)
You float through the air rather than walking.
You learn spells naturally, not from books.
Your magical power is your life essence.
You have superior vitality. (+4 MHP)


Message History

A gnoll comes into view.
It is wielding a +1 flail of protection.
The gnoll shouts!
The bat closely misses you.
A gnoll comes into view. It is wielding a +0 flail.
Found an orange potion.
Found a stone staircase leading up.
The gnoll shouts!
The bat closely misses you.
You barely miss the bat. The bat hits you but does no damage.
A gnoll comes into view. It is wielding a +0 flail.
The gnoll closely misses you. The bat hits you.
You closely miss the gnoll. The bat hits you but does no damage.
The gnoll hits you with a +1 flail of protection!
You are too injured to fight recklessly!
You are too injured to fight recklessly!
You are too injured to fight recklessly!
You are too injured to fight recklessly!
You are too injured to fight recklessly!
You are too injured to fight recklessly!
You are too injured to fight recklessly!
The bat closely misses you. The gnoll attacks as you move away!
The gnoll closely misses you.
Casting: Scorch (safe; 9% risk of failure)
Confirm with . or Enter, or press ? or * to list all spells.
Flames lash the bat.
You kill the bat!
The gnoll hits you with a +1 flail of protection.
Casting: Scorch (safe; 9% risk of failure)
Confirm with . or Enter, or press ? or * to list all spells.
Flames lash the gnoll.
The gnoll is almost dead.
The gnoll's fire resistance burns away.
You hear a shout!
The gnoll hits you with a +1 flail of protection.
* * * LOW HITPOINT WARNING * * *
Okay, then.
As you read the scroll labelled SOARIA GUING, it crumbles to dust.
It is a scroll of identify.
b - a potion of curing The gnoll hits you with a +1 flail of protection!
You die...

#.# #.#
#.# #.#
#.#!#
#.#.#
#.#.#
#.#.#
#@#b#
#g#.#
#g#<###.#
#g..g.g.#
###.#####
#.# #..
####


You could see 3 gnolls.

Vanquished Creatures
  3 worms (D:2)
  6 bats
  5 endoplasms
  4 giant cockroaches
  2 goblins
  4 hobgoblins
  A quokka (D:1)
  2 ball pythons (D:2)
  6 frilled lizards
  3 rats (D:1)
36 creatures vanquished.

Notes
Turn   | Place    | Note
-------+----------+-------------------------------------------
     0 | D:1      | frimble the Djinni Cinder Acolyte began the quest for the
                  | Orb.
     0 | D:1      | Reached XP level 1. HP: 20/20 MP: 0/0
   176 | D:1      | Reached XP level 2. HP: 11/25 MP: 0/0
  1009 | D:1      | Reached XP level 3. HP: 30/30 MP: 0/0
  1009 | D:1      | Learned a level 1 spell: Freeze
  2163 | D:2      | Slain by a gnoll

Illustrated notes

Levels and vault maps discovered:
D:1:      heliophobic_arrival_henge, layout_basic, nicolae_figureground_sparkle
D:2:      layout_loops_ring

Action                   || total
-------------------------++-------
Melee: Unarmed           ||   108
       Punch             ||     2
 Cast: Scorch            ||    17
  Use: Scroll            ||     1
Armor: Robe              ||    30
Dodge: Dodged            ||    67

Table legend: (Time is in decaauts)
 A = Elapsed time spent in this place.
 B = Non-inter-level travel time spent in this place.
 C = Inter-level travel time spent in this place.
 D = Time resting spent in this place.
 E = Time spent auto-exploring this place.
 F = Levels seen in this place.
 G = Mean time per level.
                   A        B        C        D        E       F      G
               +--------+--------+--------+--------+--------+-----+--------+
         Total |   2155 |   2143 |     12 |      7 |   1876 |   2 | 1077.5 |
       Dungeon |   2155 |   2143 |     12 |      7 |   1876 |   2 | 1077.5 |
               +--------+--------+--------+--------+--------+-----+--------+

Top non-repeatable levels by time:
     D:1: 1287 daAuts
     D:2: 868 daAuts
